 Dungeon Crawl Stone Soup version 0.31.0-11-ge490571c62 (webtiles) character file.

Game seed: 8809319875763433565

183 qw the Shooter (level 5, -5/26 HPs)
             Began as a Spriggan Hunter on Feb 3, 2024.
             Slain by an orc priest
             ... wielding a +1 war axe of freezing
              (6 damage)
             ... on level 3 of the Dungeon.
             The game lasted 00:00:08 (1453 turns).

qw the Shooter (Spriggan Hunter)                    Turns: 1453, Time: 00:00:08

Health: -5/26      AC:  2    Str:  7    XL:     5   Next: 35%
Magic:  6/6        EV: 20    Int: 10    God:
Gold:   65         SH:  0    Dex: 21    Spells: 4/4 levels left

rFire   . . .        a - +0 shortbow
rCold   . . .        (shield currently unavailable)
rNeg    . . .        c - +0 robe
rPois   .            (helmet restricted)
rElec   .            (no cloak)
rCorr   +            (gloves unavailable)
SInv    +            (boots unavailable)
Will    .....        (no amulet)
Stlth   ++           d - ring of resist corrosion
HPRegen 0.24/turn    (no ring)
MPRegen 0.10/turn

%: no passive effects
@: very quick
A: very small, no large weapons, unfitting armour, see invisible, speed 3
a: no special abilities


You were on level 3 of the Dungeon.
You visited 1 branch of the dungeon, and saw 3 of its levels.

You collected 65 gold pieces.


Innate Abilities, Weirdness & Mutations

You are very small and have problems with some larger weapons.
You are too small for most types of armour.
You have supernaturally acute eyesight. (SInv)
You cover ground extremely quickly. (Speed+++)


   Skills:
 - Level 2.0 Fighting
 + Level 5.5 Ranged Weapons
 - Level 5.1 Dodging
 - Level 1.5 Stealth


You had 4 spell levels left.
You didn't know any spells.
Your spell library was empty.

Inventory:

Hand Weapons
 a - a +0 shortbow (weapon)
Armour
 c - a +0 robe (worn)
Jewellery
 d - a ring of resist corrosion (left hand)
Wands
 b - a wand of charming (7)
Scrolls
 e - a scroll of revelation {unknown}
Potions
 g - a potion of ambrosia {unknown}

Dungeon Overview and Level Annotations

Branches:
Dungeon (3/15)

Altars:

Annotations:
D:3 1 runed translucent door


Message History

The orc shouts!
The orc wizard shouts!
The arrow hits the orc wizard!
The orc wizard is heavily wounded.
An orc comes into view. It is wielding a +0 dagger.
You shoot an arrow. The arrow hits the orc wizard!
You kill the orc wizard!
The orc priest calls down the wrath of Beogh upon you.
You resist with significant effort.
You shoot an arrow.
The arrow completely misses the orc priest.
The arrow hits the orc!
You kill the orc!
The orc wizard mumbles some strange words.
The orc wizard flickers and vanishes for a moment.
You shoot an arrow. The arrow hits the orc.
You kill the orc!
The orc priest completely misses you.
You shoot an arrow.
The arrow hits the orc priest but does no damage.
The orc priest hits you with a +0 hand axe!
The orc priest invokes the aid of Beogh against you.
Pain shoots through your body!
You shoot an arrow. The arrow barely misses the orc priest.
The orc priest hits you with a +0 hand axe.
The orc priest misses you.
You shoot an arrow.
The arrow closely misses the orc priest.
The arrow hits the orc but does no damage.
The orc priest completely misses you.
You shoot an arrow. The arrow barely misses the orc priest.
The orc priest misses you.
You shoot an arrow. The arrow hits the orc priest!
The orc priest is heavily wounded.
The orc hits you with a +0 whip.
The orc priest calls down the wrath of Beogh upon you.
Pain shoots through your body!
You shoot an arrow. The arrow barely misses the orc priest.
The orc hits you but does no damage. The orc priest completely misses you.
The orc priest hits you with a +1 war axe of freezing.
You die...

##### ...# ###.####
.. #......# #..### #
#.#.##.#
.....o####.##.#.##.#
#...oooo##......##.#
# #@#####.####.#
...##.#.#####.# #.#
..............# #.#
##.#.#.......## #.#
# #.......# #.#
..........# #.#
#.#......:# #.#
...#.).....# #.# ###
#.......# #.#


You could see an orc priest, an orc wizard (invisible) and 3 orcs.

Vanquished Creatures
  A bombardier beetle (D:2)
  Terence (D:3)
  An orc wizard (D:3)
  A gnoll (D:1)
  2 adders (D:2)
  A ribbon worm (D:2)
  2 dart slugs (D:1)
  3 orcs (D:3)
  8 ball pythons
  3 endoplasms (D:1)
  5 giant cockroaches
  6 goblins
  4 hobgoblins
  3 jackals
  7 kobolds
  3 quokkas
  6 bats
  2 frilled lizards
  3 rats
62 creatures vanquished.

Notes
Turn   | Place    | Note
-------+----------+-------------------------------------------
     0 | D:1      | qw the Spriggan Hunter began the quest for the Orb.
     0 | D:1      | Reached XP level 1. HP: 10/10 MP: 2/2
     0 | D:1      | 0 ||| qw: Version: 0.3-a-157-g843a77d
     0 | D:1      | 0 ||| qw: Game counter: 3684
     0 | D:1      | 0 ||| qw: Melee chars always use a shield: true
     0 | D:1      | 0 ||| qw: God list: Okawaru
     0 | D:1      | 0 ||| qw: Allow faded altars: false
     0 | D:1      | 0 ||| qw: Do Orc after clearing Dungeon:15 true
     0 | D:1      | 0 ||| qw: Do second Lair branch before Depths: true
     0 | D:1      | 0 ||| qw: Lair rune preference: random
     0 | D:1      | 0 ||| qw: Goals: Normal
     0 | D:1      | 0 ||| PLANNING D:1-11
    35 | D:1      | Reached skill level 3 in Dodging
   132 | D:1      | Reached XP level 2. HP: 14/14 MP: 3/3
   133 | D:1      | Found a faded altar of an unknown god.
   272 | D:1      | Reached XP level 3. HP: 18/18 MP: 4/4
   729 | D:1      | 729 ||| UPGRADING to ring of resist corrosion.
   730 | D:1      | 730 ||| READING scroll labelled QUFUKH PUWN.
   731 | D:1      | 731 ||| READING scroll labelled VAUREA BECE.
   736 | D:1      | 736 ||| DROPPING scroll of butterflies.
   761 | D:2      | 761 ||| STAIRDANCE
   845 | D:2      | Reached XP level 4. HP: 22/22 MP: 5/5
  1277 | D:2      | 1277 ||| READING scroll labelled RASHOORODUIT.
  1277 | D:2      | 1277 ||| ENCHANTING +0 shortbow.
  1278 | D:2      | 1278 ||| READING scroll labelled SUNYAW WADD.
  1303 | D:3      | Noticed Terence
  1313 | D:3      | Killed Terence
  1314 | D:3      | Reached XP level 5. HP: 21/26 MP: 6/6
  1376 | D:3      | Found a runed translucent gate.
  1452 | D:3      | HP: 1/26 [orc priest/nerve-wracking pain (8)]
  1453 | D:3      | Slain by an orc priest

Levels and vault maps discovered:
D:1:      evilmike_arrival_plus, layout_basic,
          hellmonk_ecumenical_altar_prayer_group, minmay_misc_feat_alley
D:2:      layout_rooms
D:3:      layout_loops_cross, amcnicky_altar_gilded,
          mainiacjoe_overflow_alcove_2, ebering_ghost_rock_garden, uniq_terence

Skill      XL: |  1  2  3  4 |
---------------+-------------+-----
Dodging        | 3 4 5 |  5.1
Ranged Weapons | 5 |  5.5
Fighting       | 2 |  2.0
Stealth        | |  1.5

Action                     |  1- 3 |  4- 6 || total
---------------------------+-------+-------++-------
   Fire: Shortbow          |   117 |    97 ||   214
    Use: Scroll            |     2 |     2 ||     4
 Armour: Robe              |     7 |    11 ||    18
  Dodge: Dodged            |    60 |    49 ||   109

Table legend:
 A = Non-vault XP
 B = Vault XP
 C = Vault XP percentage of total XP
 D = Non-vault monster count
 E = Vault monster count
 F = Vault count percentage of total count
                 A         B        C        D         E       F
            +---------+---------+-------+---------+---------+-------
      Total |     220 |      42 |  16.0 |      58 |       4 |   6.5
            +---------+---------+-------+---------+---------+-------
        D:1 |      61 |       6 |   9.0 |      26 |       3 |  10.3
        D:2 |     114 |       0 |   0.0 |      27 |       0 |   0.0
        D:3 |      45 |      36 |  44.4 |       5 |       1 |  16.7
            +---------+---------+-------+---------+---------+-------
